AoeStats
← iAlejandrouae

Arena

507240191Analyzed
4v4 RM · 15d ago on Sep 17, 2026· 51m 26s· 8 players
Game mode
Random Map
Map size
Large (8 player)
Population
200
Speed
Normal
Resources
Standard
Victory
Conquest
Starting age
Dark Age
Ending age
Imperial Age
RankedLock teamsTeams togetherTeam positionsShared explorationLock speedFull tech treeHidden civsTurbo modeCheats
Victory
Defeat
🇨🇳 Khmer · China
1676
+13
🇹🇼 Gurjaras · Taiwan
1580
+17
🇦🇷 Teutons · Argentina
1567
+18
🇭🇰 Wu · Hong Kong SAR China
1547
+18
🇷🇺 Mongols · Russia
1958
-29
🇹🇷 Franks · Türkiye
1554
-15
🇫🇷 Poles · France
1474
-11
🇮🇩 Vietnamese · Indonesia
1457
-11
鼠條
10:53 Feudal Age
12:28 Double-Bit Axe
12:24 Horse Collar
15:14 Castle Age
16:07 Wheelbarrow
16:24 Bow Saw
16:15 Heavy Plow
20:23 Hand Cart
21:52 Fletching
23:57 Thumb Ring
24:34 Bodkin Arrow
27:23 Loom
27:23 Town Watch
27:31 Gold Mining
27:33 Stone Mining
31:13 Imperial Age
28:58 Padded Archer Armor
29:22 Ballistics
31:05 Kshatriyas
31:18 Leather Archer Armor
31:16 Elite Elephant Archer
32:03 Bracer
31:33 Elite Elephant Archer
32:46 Conscription
33:32 Town Patrol
34:41 Chemistry
33:22 Treadmill Crane
33:56 Siege Elephant
35:35 Masonry
36:30 Coinage
36:53 Scale Barding Armor
36:58 Forging
36:44 Light Cavalry
37:35 Bloodlines
37:25 Husbandry
38:20 Chain Barding Armor
37:43 Hussar
38:18 Elite Shrivamsha Rider
39:38 Iron Casting
41:57 Plate Barding Armor
iAlejandrouae
8:38 Feudal Age
7:13 Loom
10:20 Fletching
15:51 Town Watch
21:31 Castle Age
20:04 Horse Collar
20:47 Double-Bit Axe
26:55 Bodkin Arrow
31:25 Wheelbarrow
31:44 Bow Saw
31:36 Heavy Plow
32:43 Bow Saw
38:34 Hand Cart
38:22 Heavy Plow
38:44 Stone Mining
40:58 Gold Mining
41:48 Scale Barding Armor
41:54 Forging
43:05 Chain Barding Armor
45:20 Imperial Age
43:09 Caravan
45:12 Bloodlines
45:24 Cavalier
46:42 Plate Barding Armor
47:44 Iron Casting
47:53 Conscription
46:53 Paladin
49:24 Stone Shaft Mining
49:59 Blast Furnace
50:17 Ballistics
51:33 Two-Man Saw
51:26 Masonry
51:42 Crenellations
51:59 Sanctity
你朋友
11:01 Feudal Age
15:02 Castle Age
13:31 Horse Collar
14:24 Double-Bit Axe
16:17 Bow Saw
22:46 Wheelbarrow
22:15 Loom
22:58 Fletching
23:35 Padded Archer Armor
24:20 Ballistics
24:20 Bodkin Arrow
24:35 Town Watch
30:43 Imperial Age
28:10 Gold Mining
28:06 Treadmill Crane
29:30 Stone Mining
29:41 Heavy Plow
29:25 Pikeman
30:06 Squires
30:32 Hand Cart
31:23 Leather Archer Armor
31:10 Scale Mail Armor
31:20 Forging
31:59 Forging
32:17 Bracer
33:12 Chain Mail Armor
35:04 Chemistry
34:35 Halberdier
36:21 Stone Shaft Mining
36:43 Conscription
36:17 Elite Fire Archer
38:01 Plate Mail Armor
39:30 Iron Casting
40:35 Masonry
42:45 Sitting Tiger
43:53 Architecture
回忆里太多好
10:09 Feudal Age
13:18 Castle Age
11:24 Double-Bit Axe
11:53 Horse Collar
14:54 Wheelbarrow
21:04 Loom
28:08 Gold Mining
28:08 Stone Mining
28:08 Gold Mining
28:34 Hand Cart
28:05 Town Watch
28:21 Heavy Plow
31:47 Imperial Age
30:34 Bloodlines
30:25 Husbandry
30:32 Scale Barding Armor
30:48 Forging
31:51 Gold Shaft Mining
31:51 Stone Shaft Mining
31:51 Gold Shaft Mining
31:51 Stone Shaft Mining
32:28 Iron Casting
32:13 Chain Barding Armor
32:29 Iron Casting
31:50 Elite Battle Elephant
32:53 Conscription
33:40 Plate Barding Armor
34:59 Blast Furnace
40:09 Chemistry
42:07 Caravan
41:34 Light Cavalry
49:53 Fletching
50:25 Ballistics
RafixRuche
9:08 Loom
11:21 Feudal Age
16:40 Double-Bit Axe
23:17 Castle Age
24:23 Gold Mining
32:31 Horse Collar
42:42 Imperial Age
39:59 Pikeman
40:40 Squires
40:43 Scale Mail Armor
41:10 Bow Saw
43:01 Heavy Plow
43:24 Chain Mail Armor
42:54 Halberdier
46:02 Plate Mail Armor
46:22 Wheelbarrow
49:14 Hand Cart
guilleol1005
10:59 Feudal Age
14:35 Castle Age
12:50 Horse Collar
15:06 Double-Bit Axe
16:11 Bow Saw
17:56 Scale Mail Armor
20:17 Loom
22:08 Forging
22:32 Arson
26:37 Squires
27:36 Wheelbarrow
29:03 Heavy Plow
32:25 Imperial Age
29:53 Gold Mining
29:55 Fletching
30:06 Padded Archer Armor
31:43 Ballistics
31:22 Bodkin Arrow
31:42 Leather Archer Armor
32:28 Hand Cart
32:08 Elite Skirmisher
32:53 Capped Ram
34:37 Chemistry
33:45 Imperial Skirmisher
34:56 Bracer
36:39 Scale Barding Armor
36:50 Onager
38:31 Masonry
40:42 Chain Mail Armor
40:32 Murder Holes
40:42 Siege Engineers
42:00 Conscription
43:02 Thumb Ring
44:15 Plate Mail Armor
44:20 Iron Casting
44:28 Elite Obuch
46:05 Treadmill Crane
50:22 Bombard Tower
Oni.Vinchester
10:32 Feudal Age
11:32 Double-Bit Axe
14:33 Castle Age
13:06 Horse Collar
15:30 Bow Saw
18:21 Loom
18:52 Fletching
22:52 Bodkin Arrow
25:01 Wheelbarrow
24:11 Town Watch
26:22 Padded Archer Armor
26:14 Gold Mining
26:57 Bloodlines
27:22 Husbandry
28:16 Leather Archer Armor
28:24 Ballistics
33:03 Imperial Age
31:50 Thumb Ring
32:50 Heavy Plow
33:05 Elite Mangudai
34:16 Bracer
36:38 Chemistry
36:39 Parthian Tactics
38:52 Hand Cart
39:17 Fortified Wall
40:01 Heavy Cavalry Archer
43:51 Siege Engineers
43:27 Onager
47:02 Drill
48:02 Conscription
49:57 Caravan
49:32 Elite Skirmisher
Itgetsdarker
10:25 Feudal Age
14:27 Castle Age
12:48 Double-Bit Axe
15:39 Bow Saw
19:58 Wheelbarrow
24:15 Town Watch
25:12 Hand Cart
29:14 Imperial Age
26:46 Loom
27:01 Town Patrol
27:16 Gold Mining
27:20 Stone Mining
28:00 Scale Barding Armor
28:05 Forging
27:58 Husbandry
30:04 Chain Barding Armor
30:19 Iron Casting
29:16 Cavalier
30:38 Paladin
33:18 Conscription
33:39 Plate Barding Armor
35:54 Squires
35:42 Pikeman
36:36 Halberdier
38:37 Scale Mail Armor
39:38 Blast Furnace
42:30 Fletching
45:39 Chain Mail Armor
Connection lost

Rejoining the realm…

Still unreachable

The connection could not be restored.

Session expired

The server has moved on; the page needs a fresh start.